 Dungeon Crawl Stone Soup version 0.31-a0-174-g85c54bcb58 (webtiles) character file.

Game seed: 5458421222679056655

213 Hajna the Covered (level 5, 0/61 HPs)
             Began as a Demonspawn Fighter on June 15, 2023.
             Was an Initiate of Yredelemnul.
             Slain by an ogre
             ... wielding a +0 giant club
              (12 damage)
             ... on level 4 of the Dungeon.
             The game lasted 00:07:07 (2006 turns).

Hajna the Covered (Demonspawn Fighter)              Turns: 2006, Time: 00:07:09

Health: 0/61       AC: 22    Str: 18    XL:     5   Next: 59%
Magic:  5/5        EV:  2    Int: 10    God:    Yredelemnul [......]
Gold:   106        SH:  4    Dex: 12    Spells: 4/4 levels left

rFire   . . .        a - +0 long sword
rCold   . . .        c - +0 buckler
rNeg    . . .        b - melded +0 scale mail
rPois   +            (helmet currently unavailable)
rElec   .            (cloak currently unavailable)
rCorr   .            (gloves currently unavailable)
SInv    .            (boots currently unavailable)
Will    .....        (no amulet)
Stlth   +            (no ring)
HPRegen 0.30/turn    (no ring)
MPRegen 0.09/turn

%: no passive effects
@: tree-form
A: stationary, stasis, torment immunity, boosted hp, (horns 1), powered by pain
1
a: Renounce Religion, Recall Undead Harvest


You were on level 4 of the Dungeon.
You worshipped Yredelemnul.
Yredelemnul was noncommittal.
You were a tree.
You visited 1 branch of the dungeon, and saw 4 of its levels.

You collected 106 gold pieces.

Inventory:

Hand Weapons
 a - a +0 long sword (weapon)
Missiles
 e - 3 poisoned darts (quivered)
Armour
 b - a +0 scale mail (melded)
 c - a +0 buckler (worn)
 f - a +0 helmet
Scrolls
 g - 2 scrolls of amnesia
 h - a scroll of identify
 i - a scroll of fear {unknown}
 j - 3 scrolls of revelation
 l - a scroll of immolation
Potions
 d - a potion of might


   Skills:
 + Level 3.5 Fighting
 + Level 3.7 Long Blades
 + Level 3.7 Armour
 + Level 1.0 Dodging
 + Level 0.1 Stealth
 + Level 3.1 Shields


You had 4 spell levels left.
You didn't know any spells.
Your spell library contained the following spells:

 Spells                   Type           Power      Damage    Failure   Level
 Ignite Poison            Fire/Tmut/Pois 0%         N/A       82%         3
 Sticky Flame             Conj/Fire      0%         2d3       99%         4
 Ignition                 Fire           0%         3d3       100%        8


Dungeon Overview and Level Annotations

Branches:
Dungeon (4/15)             Temple (0/1) D:4

Altars:
Fedhas
Qazlal
Uskayaw
Xom
Yredelemnul

Shops:
D:3 [*:([


Innate Abilities, Weirdness & Mutations

You are a tree.
Your roots penetrate the ground, keeping you stationary.
You cannot be teleported.
You are immune to unholy pain and torment.
Your maximum health is greatly increased.
Your equipment is partially melded.
((You have a pair of small horns on your head.))
You sometimes gain a little power by taking damage.


Message History

The ogre looks even sicker.
Your hound zombie bites the ogre.
Your kobold zombie barely misses the ogre.
The ogre attacks as you move away! The ogre barely misses you.
Your hound zombie bites the ogre.
The ogre hits your hound zombie with a +0 giant club!!
Your hound zombie is destroyed!
Your orc zombie hits the ogre.
Your kobold zombie hits the ogre.
You slash the ogre!
The ogre is severely wounded.
Your orc zombie completely misses the ogre.
The ogre hits you with a +0 giant club!!
Ouch! That really hurt!
Your kobold zombie hits the ogre but does no damage.
You begin recalling your allies.
You finish recalling your allies.
Your orc zombie hits the ogre but does no damage.
Your kobold zombie hits the ogre.
Really quaff the potion of lignification?
You turn into a tree.
Your +0 scale mail melds into your body.
Your roots penetrate the ground.
You block the ogre's attack.
The ogre hits your orc zombie with a +0 giant club!!
Your orc zombie is destroyed!
You cannot move.
You hit the ogre but do no damage.
The ogre is severely wounded.
Your kobold zombie hits the ogre but does no damage.
The ogre hits your kobold zombie with a +0 giant club!!
Your kobold zombie is destroyed!
The ogre shouts!
You hit the ogre.
The ogre is severely wounded.
The ogre hits you but does no damage. You block the ogre's attack.
You barely miss the ogre.
The ogre is severely wounded.
The ogre hits you with a +0 giant club!!
* * * LOW HITPOINT WARNING * * *
You focus on the pain.
You feel your power returning. The ogre hits you with a +0 giant club!
You die...
Your body rises from the dead as a mindless zombie.

.....................###..
..........................
#..........#########......
#..........# #######
#.........## #........##
#...###..# ### #..## ##.♣#
###OO## #..(..#
#.........# .......(....#
..............#
................
.......(........
#.............§>


You could see 2 ogres.

Vanquished Creatures
  A hound (D:4)
  An orc priest (D:3)
  An orc wizard (D:3)
  An iguana (D:4)
  3 adders
  2 dart slugs (D:1)
  5 orcs
  5 ball pythons
  3 endoplasms
  2 giant cockroaches
  A goblin (D:3)
  11 hobgoblins
  3 jackals (D:1)
  4 kobolds
  3 quokkas
  7 bats
  6 frilled lizards
  5 rats
64 creatures vanquished.

Vanquished Creatures (collateral kills)
  An orc (D:3)
  A kobold (D:4)
2 creatures vanquished.

Vanquished Creatures (others)
  A hound zombie (D:4)
  A kobold zombie (D:4)
  An orc zombie (D:4)
3 creatures vanquished.

Grand Total: 69 creatures vanquished

Notes
Turn   | Place    | Note
-------+----------+-------------------------------------------
     0 | D:1      | Hajna the Demonspawn Fighter began the quest for the Orb.
     0 | D:1      | Reached XP level 1. HP: 18/18 MP: 1/1
   208 | D:1      | Gained mutation: You have a pair of small horns on your
                  | head. [demonic ancestry]
   208 | D:1      | Reached XP level 2. HP: 24/24 MP: 2/2
   355 | D:1      | Found a faded altar of an unknown god.
   563 | D:1      | Reached XP level 3. HP: 27/29 MP: 3/3
  1123 | D:3      | Found Duappuec's Assorted Antiques.
  1140 | D:3      | Found Ywnusmuu's Book Boutique.
  1183 | D:3      | Gained mutation: You sometimes gain a little power by
                  | taking damage. [demonic ancestry]
  1183 | D:3      | Reached XP level 4. HP: 35/35 MP: 4/4
  1219 | D:3      | Found Miupopp's Antique Weapon Boutique.
  1386 | D:3      | Found a basalt altar of Yredelemnul.
  1387 | D:3      | Found a blossoming altar of Fedhas.
  1387 | D:3      | Found a shimmering altar of Xom.
  1388 | D:3      | Found a stormy altar of Qazlal.
  1395 | D:3      | Became a worshipper of Yredelemnul the Dark
  1566 | D:3      | Found Oditad's Antique Armour Boutique.
  1621 | D:3      | Found Ryneafra's Antique Armour Boutique.
  1699 | D:3      | Reached XP level 5. HP: 16/41 MP: 5/5
  1856 | D:3      | Found a hide-covered altar of Uskayaw.
  1925 | D:4      | Reached skill level 1 in Dodging
  1942 | D:4      | Reached * piety under Yredelemnul
  1994 | D:4      | Noticed an ogre
  1995 | D:4      | Noticed an ogre
  1996 | D:4      | Found a staircase to the Ecumenical Temple.
  2006 | D:4      | Slain by an ogre

Illustrated notes

Levels and vault maps discovered:
D:1:      saegor_arrival_fortress, layout_basic, nicolae_ecumenical_lake_church,
          nicolae_titane
D:2:      layout_rooms, hangedman_abyss_or_decor_stabs
D:3:      layout_basic, nicolae_uskayaw_suspiria,
          chequers_temple_overflow_statue_of_worship, serial_shops, shop,
          nicolae_shop_just_a_little_nook, nicolae_shop_tiny_real_fake_doors,
          nicolae_shop_overgrown_old_shop, nicolae_shop_stone, serial_glass,
          glass_columns_b, glass_columns_a
D:4:      layout_cave_pods, kennysheep_slug_shrine,
          minmay_temple_entry_purple_smoke, serial_shops, shop,
          nicolae_shop_sticking_my_neck_out

Skill      XL: |  1  2  3  4  5 |
---------------+----------------+-----
Armour         | 3 |  3.7
Long Blades    | 2 3 |  3.7
Shields        | 3 |  3.1
Dodging        | 1 |  1.0
Fighting       | |  3.5
Stealth        | |  0.1

Action                     |  1- 3 |  4- 6 || total
---------------------------+-------+-------++-------
  Melee: Long sword        |   104 |    71 ||   175
         Headbutt          |    15 |     9 ||    24
  Throw: Dart              |       |     2 ||     2
 Invoke: Recall Undead Har |       |     1 ||     1
    Use: Scroll            |     6 |       ||     6
         Potion            |       |     1 ||     1
   Stab: Distracted        |       |     2 ||     2
 Armour: Scale mail        |    69 |    22 ||    91
         Skin              |       |     1 ||     1
  Dodge: Dodged            |    53 |    30 ||    83
  Block: Buckler           |    18 |    21 ||    39

Table legend: (Time is in decaauts)
 A = Elapsed time spent in this place.
 B = Non-inter-level travel time spent in this place.
 C = Inter-level travel time spent in this place.
 D = Time resting spent in this place.
 E = Time spent auto-exploring this place.
 F = Levels seen in this place.
 G = Mean time per level.
                   A        B        C        D        E       F      G
               +--------+--------+--------+--------+--------+-----+--------+
         Total |   2065 |   1951 |    114 |      0 |   1479 |   4 |  516.2 |
       Dungeon |   2065 |   1951 |    114 |      0 |   1479 |   4 |  516.2 |
               +--------+--------+--------+--------+--------+-----+--------+

Top non-repeatable levels by time:
     D:1: 883 daAuts
     D:3: 766 daAuts
     D:2: 272 daAuts
     D:4: 143 daAuts
